 Dungeon Crawl Stone Soup version 0.21-a0-95-g06f091e (webtiles) character file.

100 4thArraOfDagon the Insei (level 4, 0/30 HPs)
             Began as a Demonspawn Enchanter on July 4, 2017.
             Slain by a bullfrog zombie (3 damage)
             ... on level 5 of the Dungeon.
             The game lasted 00:03:38 (950 turns).

4thArraOfDagon the Insei (Demonspawn Enchanter)      Turns: 950, Time: 00:03:39

Health: 0/30       AC:  3    Str:  9    XL:     4   Next: 46%
Magic:  1/7        EV: 17    Int: 17    God:
Gold:   35         SH:  4    Dex: 18    Spells: 4/7 levels left

rFire    . . .     SeeInvis .     - Unarmed
rCold    + . .     Gourm    +   (no shield)
rNeg     . . .     Faith    .   e - +0 leather armour {rC+}
rPois    .         Spirit   .   (no helmet)
rElec    .         Reflect  .   (no cloak)
rCorr    .         Harm     .   (no gloves)
MR       .....                  (no boots)
Stlth    +++.......             i - amulet of the gourmand
HPRegen  0.10/turn              (no ring)
MPRegen  0.10/turn              (no ring)

@: agile, hasted, very quick
A: claws 1, large bone plates 1, spiny 1
a: no special abilities


You were on level 5 of the Dungeon.
You were hungry.

You visited 1 branch of the dungeon, and saw 6 of its levels.

You collected 35 gold pieces.

Inventory:

Hand Weapons
 a - a +1 dagger
Armour
 b - a +0 robe
 e - a +0 leather armour of cold resistance (worn)
Jewellery
 i - an amulet of the gourmand (around neck)
Scrolls
 f - a scroll of fog {unknown}
 n - a scroll of random uselessness {unknown}
 o - a scroll of enchant armour {unknown}
Potions
 k - 2 potions of degeneration
 m - a potion of magic
Books
 c - a book of Maledictions

   Spells                             Type                      Level
   a - Corona                         Hexes                        1
   b - Ensorcelled Hibernation        Hexes/Ice                    2
   c - Confuse                        Hexes                        3
   d - Tukima's Dance                 Hexes                        3
   e - Dazzling Spray                 Conjuration/Hexes            3
Comestibles
 d - 3 bread rations
 g - 2 meat rations


   Skills:
 - Level 0.8 Short Blades
 - Level 2.1 Dodging
 - Level 2.6 Stealth
 * Level 3.6 Unarmed Combat
 - Level 2.0 Spellcasting
 - Level 3.0 Hexes


You had 4 spell levels left.
You knew the following spells:

 Your Spells              Type           Power        Failure   Level  Hunger
a - Corona                Hex            ##.....      8%          1    #......
b - Ensorcelled Hibernat  Hex/Ice        #.....       22%         2    ###....


Dungeon Overview and Level Annotations

Branches:
Dungeon (6/15)
 Temple: D:4-7

Altars:

Annotations:
D:3 4thArraOfDagon's ghost, weakling DsEn


Innate Abilities, Weirdness & Mutations

You have sharp fingernails.
You are partially covered in large bone plates. (SH +4)
You are partially covered in sharp spines.


Message History

Unknown command.
You scratch the bullfrog zombie.
The bullfrog zombie is lightly damaged.
The bullfrog zombie barely misses you.
Unknown command.
Unknown command.
You scratch the bullfrog zombie but do no damage.
The bullfrog zombie is lightly damaged.
Unknown command.
Unknown command.
You scratch the bullfrog zombie.
The bullfrog zombie is moderately damaged.
The bullfrog zombie is struck by your spines.
The bullfrog zombie barely misses you.
Unknown command.
You barely miss the bullfrog zombie.
The bullfrog zombie is moderately damaged.
The bullfrog zombie is struck by your spines.
The bullfrog zombie hits you.
You die...

#.# #.# #.#
#.#
#.######.#
#........#
#.########
#.####
###....####
#.(........
#@#.##.####
#Z#.# .# #
#.#.# #
##### ....#
..... #.###
#### #.#
#... #.#
#.## #.# #


You could see a bullfrog zombie.

Vanquished Creatures
  A centaur (D:5)
  A hound skeleton (D:4)
  2 leopard geckos
  A giant cockroach (D:4)
  A goblin (D:2)
  A hobgoblin (D:2)
  2 kobolds
9 creatures vanquished.

Notes
Turn   | Place    | Note
-------+----------+-------------------------------------------
     0 | D:1      | 4thArraOfDagon the Demonspawn Enchanter began the quest for the Orb.
     0 | D:1      | Reached XP level 1. HP: 13/13 MP: 3/3
   272 | D:3      | Noticed 4thArraOfDagon's ghost (weakling DsEn)
   568 | D:4      | Reached skill level 1 in Unarmed Combat
   568 | D:4      | Gained mutation: You are partially covered in large bone plates. (SH +4) [demonic ancestry]
   568 | D:4      | Reached XP level 2. HP: 12/19 MP: 5/5
   587 | D:4      | Learned a level 2 spell: Ensorcelled Hibernation
   765 | D:5      | Entered Level 5 of the Dungeon
   774 | D:5      | Noticed a slave
   823 | D:6      | Noticed a wight
   823 | D:6      | Noticed a wight
   823 | D:6      | Noticed a wight
   823 | D:6      | Noticed a wight
   833 | D:6      | Noticed a crimson imp
   836 | D:6      | Noticed a crimson imp
   863 | D:5      | Noticed a sky beast
   889 | D:5      | Noticed an ogre
   916 | D:5      | Noticed a centaur
   946 | D:5      | Killed a centaur
   946 | D:5      | Gained mutation: You have sharp fingernails. [demonic ancestry]
   946 | D:5      | Reached XP level 3. HP: 2/24 MP: 1/6
   946 | D:5      | Gained mutation: You are partially covered in sharp spines. [demonic ancestry]
   946 | D:5      | Reached XP level 4. HP: 2/30 MP: 1/7
   950 | D:5      | Slain by a bullfrog zombie

Vault maps used:
D:1:      nagdon_arrival_zigzag_paths, grunt_decor_mini_mirrors
D:2:      zin_angel, first_bread
D:4:      nicolae_tso_carved_into_rock, uniq_sigmund, uniq_ijyb
D:5:      hangedman_minor_gate_pass, uniq_eustachio, uniq_edmund, uniq_pikel,
          uniq_grinder
D:6:      serial_shops, kennysheep_mini

Skill      XL: |  1  2 |
---------------+-------+-----
Dodging        | 2 |  2.1
Unarmed Combat | 1 3 |  3.6
Short Blades   | |  0.8
Stealth        | |  2.6
Spellcasting   | |  2.0
Hexes          | |  3.0

Action                   |  1- 3 |  4- 6 || total
-------------------------+-------+-------++-------
Melee: Dagger            |    51 |       ||    51
       Unarmed           |    16 |     4 ||    20
 Cast: Corona            |     5 |       ||     5
       Ensorcelled Hiber |     5 |       ||     5
  Use: Scroll            |     2 |       ||     2
       Potion            |     2 |       ||     2
Armor: Leather armour    |    11 |       ||    11
Dodge: Dodged            |    42 |     2 ||    44
Block: Other             |     4 |       ||     4
